[Event "*** SCC Grand Prix: Titled Tuesday Blitz"]
[Site "Chess.com"]
[Date "2020.06.02"]
[Round "2"]
[White "hongnhung1234"]
[Black "chessdude"]
[Result "1/2-1/2"]
[WhiteElo "2218"]
[BlackElo "2615"]
[TimeControl "180+1"]
[EndTime "10:19:24 PDT"]
[Termination "Game drawn - insufficient material"]

1. e4 c5 2. Nc3 d6 3. f4 g6 4. Nf3 Bg7 5. Bc4 Nc6 6. O-O e6 7. d3 Nge7 8. Qe1 O-O 9. f5 gxf5 10. Qh4 Nd4 11. Bg5 f6 12. Bh6 Ng6 13. Qh5 fxe4 14.
dxe4 Qe7 15. Nxd4 cxd4 16. Ne2 Ne5 17. Bb3 Qe8 18. Qh3 Bxh6 19. Qxh6 Qg6 20. Qxg6+ hxg6 21. Nxd4 Kf7 22. Nb5 Ke7 23. Rad1 Rd8 24. c3 a6 25. Nd4 Bd7 26. Rf2 Rf8 27. h3 Rad8 28. Rfd2 Bc8 29. Kf2 Rh8 30. Ne2 g5 31. Kg3 Rh4 32. Bc2 b6 33. b3 Bb7 34. Rd4 Nf7 35. Ng1 Rc8 36. c4 Rc5 37. Nf3 Rf4 38. Kf2 e5 39. R4d2 Bxe4 40. Bxe4 Rxe4 41. g3 f5 42. Rd3 Rc8 43. Nd2 Rd4 44. Rxd4 exd4 45. Nf3 Rh8 46. Kg2 g4 47. hxg4 fxg4 48. Nxd4 Kf6 49. Rf1+ Kg6 50. Ne6 Re8 51. Nf4+ Kg7 52. Rd1 Re3 53. Rd5 Rc3 54.
Rd2 b5 55. Nd5 Rc1 56. cxb5 axb5 57. Rd4 Rc2+ 58. Kf1 Rxa2 59. Rxg4+ Kf8 60. Rb4 Ne5 61. Rxb5 Kf7 62. Rb7+ Ke6 63. Nc3 Rc2 64. Ne4 Kd5 65. Nf2 Nf3 66. Kg2 Ne1+ 67. Kf1 Nf3 68. Rf7 Ne5 69. Rf5 Rb2 70. g4 Rxb3 71. g5 Ke6 72.
Rf6+ Ke7 73. Kg2 Rb2 74. Kg3 Rb3+ 75. Kh4 Rb4+ 76. Kh5 Rb8 77. Ne4 Rh8+ 78. Rh6 Rd8 79. Rh7+ Kf8 80. Nf6 d5 81. Rh8+ Ke7 82. Rxd8 Kxd8 83.
Nxd5 Ke8 84. g6 Nxg6 1/2-1/2

[Event "*** SCC Grand Prix: Titled Tuesday Blitz"]
[Site "Chess.com"]
[Date "2020.06.02"]
[Round "2"]
[White "zajka-molotok"]
[Black "bmt011"]
[Result "1-0"]
[WhiteElo "2381"]
[BlackElo "2069"]
[TimeControl "180+1"]
[EndTime "10:19:24 PDT"]
[Termination "zajka-molotok won by resignation"]

1. c4 c5 2. g3 Nc6 3. Bg2 g6 4. Nc3 Bg7 5. e3 e5 6. Nge2 Nge7 7. O-O d6 8. a3 Be6 9. d3 d5 10. cxd5 Nxd5 11. Ne4 b6 12. N2c3 Rc8 13. h4 h6 14.
Bd2 f5 15. Nxd5 Bxd5 16. Nc3 Bxg2 17. Kxg2 Qxd3 18. Qb3 Qd7 19. Rad1 Qf7 20. Qa4 O-O 21. Nb5 a5 22. Bc3 Rcd8 23. Nd6 Qc7 24. Qb3+ Kh7 25.
Qe6 Rf6 26. Ne8 Rxe6 27. Nxc7 Red6 28. Rxd6 Rxd6 29. Ne8 Rd5 30. Re1 Rd8 31. Nxg7 Kxg7 32. e4 Re8 33. h5 gxh5 34. exf5 Kf6 35. Rh1 Kg5 36. Bd2+ Kxf5 37. Rxh5+ Ke6 38. Rxh6+ Kd5 39. g4 Rg8 40. g5 e4 41. Kh3 Ne5 42. Rxb6 Nf3 43.
Be3 Nxg5+ 44. Bxg5 Rxg5 45. Rb5 a4 46. Ra5 Rf5 47. Kg2 Rf3 48. Rxa4 Rb3 49. Ra8 Rxb2 50. Kg3 c4 51. Rd8+ Kc5 52. Re8 Kd4 53. Rd8+ Kc3 54. Re8 Kd3 55. Rd8+ Ke2 56. Re8 c3 57. Rxe4+ Kd3 58.
Re3+ Kd2 59. Re8 c2 60. Rd8+ Kc3 61. Rc8+ Kd4 62. Rd8+ Ke5 63. Rc8 Kd4 64. Rd8+ Kc3 65. Rc8+ Kb3 66. Rb8+ Kxa3 67. Rc8 Kb3 68. Rb8+ Ka2 69.
Rc8 Kb1 70. f4 c1=Q 71. Rxc1+ Kxc1 72. f5 Kd2 73. Kf4 Ke2 74. Ke5 Kf3 75. f6 Rb5+ 76. Ke6 Ke4 77. f7 Rb6+ 78. Ke7 Ke5 79. f8=Q Rb7+ 80.
Ke8 Ke6 81. Qh6+ Kd5 82. Qh1+ Kd6 83. Qxb7 1-0

[Event "*** SCC Grand Prix: Titled Tuesday Blitz"]
[Site "Chess.com"]
[Date "2020.06.02"]
[Round "2"]
[White "Norival"]
[Black "DanielTitichoca"]
[Result "1-0"]
[WhiteElo "2622"]
[BlackElo "2309"]
[TimeControl "180+1"]
[EndTime "10:19:25 PDT"]
[Termination "Norival won on time"]

1. d4 Nf6 2. Nf3 g6 3. e3 Bg7 4. b4 O-O 5. Nbd2 d6 6. Bb2 b6 7. c4 a5 8. b5 Bb7 9. Be2 Nbd7 10. O-O Ne4 11. a4 e5 12. Nb3 Qe7 13. Qc2 f5 14.
Rac1 g5 15. Nfd2 g4 16. Nxe4 Bxe4 17. Qd2 Rf6 18. f3 gxf3 19. Bxf3 Bxf3 20. Rxf3 Raf8 21. Rcf1 Qe6 22. Qc2 e4 23. R3f2 Rh6 24. Nc1 Qg6 25.
Ne2 Qg5 26. Nf4 Nf6 27. Ne6 Qh5 28. g3 Ng4 29. Nxg7 Kxg7 30. d5+ Kg8 31. Qc3 Ne5 32. Qd2 Ng4 33. Rg2 Qg5 34. Rf4 Ne5 35. Bxe5 dxe5 36. Rff2 Rh3 37. Qc3 Qg7 38. c5 h5 39. d6 cxd6 40. cxd6 Kh8 41. d7 Qxd7 42. Qxe5+ Qg7 43. Rxf5 Rxf5 44. Qxf5 h4 45. gxh4 Qa1+ 46. Qf1 Qxf1+ 47.
Kxf1 Rxe3 48. Rg4 Kh7 49. Kf2 Rh3 50. Rxe4 Rxh2+ 51. Kg3 Ra2 52. Kf4 Kh6 53. Ke5 Kh5 54.
Kd6 Rc2 55. Rf4 Rc5 56. Kd7 Rc3 57. Rf6 Rc4 58. Rxb6 Rxa4 59. Ra6 Kxh4 60. b6 Rb4 61. Kc6 a4 62. b7 Kg5 63. Rxa4 Rxa4 64. b8=Q Rf4 65. Qg8+ Kf5 66. Qh7+ Kg5 67. Kd5 Rf5+ 68. Ke6 Rf4 69. Qg7+ Kh4 70. Ke5 Rg4 71. Qh6+ Kg3 72. Kf5 Rh4 73. Qe3+ Kh2 74. Qf2+ Kh3 75. Kg5 Rg4+ 76.
Kh5 Rg5+ 77. Kh6 Rg2 78. Qf3+ 1-0

[Event "*** SCC Grand Prix: Titled Tuesday Blitz"]
[Site "Chess.com"]
[Date "2020.06.02"]
[Round "2"]
[White "Slovak_fighter2000"]
[Black "zala02"]
[Result "1-0"]
[WhiteElo "2451"]
[BlackElo "2238"]
[TimeControl "180+1"]
[EndTime "10:19:26 PDT"]
[Termination "Slovak_fighter2000 won by resignation"]

1. Nf3 d5 2. c4 c6 3. g3 Bg4 4.
Bg2 Nf6 5. Qb3 Qb6 6. O-O Nbd7 7. d3 e5 8. cxd5 cxd5 9. Nc3 Qxb3 10. axb3 a6 11.
h3 Be6 12. Ng5 Bd6 13. Nxe6 fxe6 14. Nb5 Bb8 15. Bd2 O-O 16. Rfc1 Kf7 17. Nc7 Ra7 18. Be3 d4 19. Bd2 Rc8 20. Nb5 Rxc1+ 21. Bxc1 axb5 22.
Rxa7 Bxa7 23. Bxb7 Nc5 24. Bc6 Nxb3 25. Bg5 b4 26. Ba4 Nc5 27. Bc2 Nd5 28. Bd2 b3 29.
Bd1 Bb6 30. Kg2 Ne7 31. Bb4 Nc6 32. Bxc5 Bxc5 33. Bxb3 Bb4 34. Kf3 Ke7 35. Ke4 Kd6 36. Ba4 Be1 37. Kf3 Ne7 38. Bb3 Nd5 39. Bc4 Bd2 40.
Ke4 Bc1 41. b3 Bd2 42. h4 Be1 43. Kf3 Nb6 44. Bb5 Nd7 45. Bc4 Nc5 46. g4 Nb7 47. Bb5 Na5 48. Ba4 Nc6 49. h5 Ne7 50. e3 Nd5 51.
Be8 h6 52. Ba4 Bc3 53. Bb5 Bd2 54. exd4 exd4 55. Ke4 e5 56. Ba6 Nf6+ 57. Kf5 Bg5 58. Bb7 Nd5 59. Kg6 Bf6 60. Kf7 Nf4 61. Be4 Nh3 62. f3 Ng5+ 63. Kg6 Nxe4 64. fxe4 Kc5 65. Kf7 Kb4 66. Kg6 Kxb3 67. g5 hxg5 68. h6 gxh6 69. Kxf6 Kc3 70. Kxe5 Kxd3 71. Kf5 Kc3 72. e5 d3 73. e6 d2 74. e7 d1=Q 75. e8=Q Qf1+ 76.
Kg4 Qe2+ 77. Qxe2 Kd4 78. Qh2 1-0

[Event "*** SCC Grand Prix: Titled Tuesday Blitz"]
[Site "Chess.com"]
[Date "2020.06.02"]
[Round "2"]
[White "Tenamu"]
[Black "Gromes7"]
[Result "1-0"]
[WhiteElo "2362"]
[BlackElo "2017"]
[TimeControl "180+1"]
[EndTime "10:19:28 PDT"]
[Termination "Tenamu won on time"]

1. e4 c5 2. Nf3 a6 3. c3 d5 4. e5 d4 5. Bd3 Nc6 6. O-O Bg4 7. Re1 e6 8. h3 Bh5 9. a4 Nge7 10. Na3 Bg6 11. Bxg6 Nxg6 12. d3 Be7 13. Nc2 O-O 14.
cxd4 cxd4 15. b3 Rc8 16. Bb2 Bc5 17. Qe2 Ba7 18. Rac1 Qd7 19. Qe4 Rfd8 20. h4 h5 21. g3 Qd5 22. Kg2 Qxb3 23. Bxd4 Nxd4 24. Ncxd4 Rxc1 25.
Rxc1 Bxd4 26. Nxd4 Qxa4 27. Rc4 Qd7 28. Rb4 b5 29.
Nf3 Qxd3 30. Qb7 Qd5 31. Qxa6 Nxe5 32. Rf4 Nxf3 33. Rxf3 Rd7 34. Qc8+ Kh7 35. Qc2+ g6 36. Qc8 Kg7 37. Qc3+ e5 38. Kh2 Qd4 39. Qb3 Qd5 40.
Qc3 f6 41. Re3 Qd4 42. Qc6 b4 43. Rf3 Qd6 44. Qc8 b3 45. Qc3 Qd5 46. Qxb3 Qxb3 47. Rxb3 f5 48. Kg2 e4 49. Rb6 Re7 50. Kf1 Kf7 51.
Ke2 Re6 52. Rb8 Kf6 53. Ke3 Rc6 54. Kf4 Rc3 55. Rb6+ Kf7 56. Kg5 Rf3 57. Rb7+ Ke6 58. Rb6+ Ke5 59. Rb5+ Kd4 60. Rb4+ Kc3 61. Rb7 Rxf2 62.
Kxg6 e3 63. Re7 e2 64. Kxh5 Kd2 65. Kg5 e1=Q 66. Rxe1 Kxe1 67. h5 Ke2 68. h6 Ke3 69.
h7 Rh2 70. Kxf5 Rxh7 71. g4 Kf3 72. g5 Rh5 73. Kf6 Kf4 74. g6 Rf5+ 75. Ke7 Kg5 76. g7 1-0

[Event "*** SCC Grand Prix: Titled Tuesday Blitz"]
[Site "Chess.com"]
[Date "2020.06.02"]
[Round "2"]
[White "olksuna"]
[Black "mishanick"]
[Result "1/2-1/2"]
[WhiteElo "2587"]
[BlackElo "2949"]
[TimeControl "180+1"]
[EndTime "10:19:29 PDT"]
[Termination "Game drawn - insufficient material"]

1. d4 Nf6 2. c4 e6 3. Nf3 d5 4. Nc3 dxc4 5. e4 Bb4 6. Bxc4 Nxe4 7.
O-O Nxc3 8. bxc3 Bd6 9. Bg5 Be7 10. Bxe7 Qxe7 11. Re1 O-O 12. Ne5 Nd7 13. Nxf7 Rxf7 14. Rxe6 Qf8 15. Qe2 Nf6 16. Re7 Bg4 17. Rxf7 Bxe2 18.
Rxf8+ Kxf8 19. Bxe2 Re8 20. Bf3 b6 21. Kf1 Rd8 22.
Ke2 Ne8 23. Bc6 Nd6 24. Kd3 Nf5 25. Be4 Ne7 26. a4 a5 27. Rb1 g6 28. Rb5 Kf7 29.
h4 Kf6 30. f4 Nf5 31. h5 Nd6 32.
Re5 Nf7 33. hxg6 hxg6 34. Rb5 Rh8 35. Bf3 Rh4 36. Rd5 Nd6 37. g3 Rh3 38. Rg5 Nf7 39. Rg4 Nh6 40. Rg5 Nf7 41. Rg4 Nh6 42. Rg5 Nf5 43. Be4 Rxg3+ 44. Rxg3 Nxg3 45. c4 Nh5 46. Ke3 Ng7 47. Bd5 Nf5+ 48. Ke4 Ng3+ 49. Kf3 Nf5 50. Ke4 Nd6+ 51. Kd3 Kf5 52. c5 bxc5 53. dxc5 Nc8 54. Ke3 Ne7 55. Be4+ Kf6 56. Kd4 Ke6 57. Kc4 c6 58.
Kd4 Kf6 59. Kc4 g5 60. fxg5+ Kxg5 61. Bxc6 Nxc6 62. Kb5 Ne5 63. c6 Nf7 64. c7 Nd6+ 65. Kxa5 Kf6 66. Kb6 Ke7 67. Kc6 Nc8 68. a5 Ke6 69. a6 Ke7 70. Kb7 Kd7 71. Kb8 Ne7 72. a7 Nc6+ 73. Kb7 Nxa7 74. Kxa7 Kxc7 1/2-1/2

[Event "*** SCC Grand Prix: Titled Tuesday Blitz"]
[Site "Chess.com"]
[Date "2020.06.02"]
[Round "2"]
[White "Sergey85Rodchenkov"]
[Black "OK97"]
[Result "1-0"]
[WhiteElo "2535"]
[BlackElo "2765"]
[TimeControl "180+1"]
[EndTime "10:19:31 PDT"]
[Termination "Sergey85Rodchenkov won by resignation"]

1. e4 g6 2. d4 Bg7 3. Nc3 d6 4.
Be3 a6 5. h4 Nf6 6. f3 b5 7.
Qd2 Nbd7 8. Nge2 h5 9. d5 Ne5 10.
Nd4 Bd7 11. a4 b4 12. Nd1 c5 13. dxc6 Nxc6 14. Nxc6 Bxc6 15. Qxb4 O-O 16. Be2 Rb8 17. Qd2 Qc7 18. Bh6 d5 19. Bxg7 Kxg7 20. exd5 Nxd5 21. O-O Rfd8 22. Bd3 Nf4 23. Nf2 Qe5 24.
Rfe1 Qf6 25. Qc3 Qxc3 26. bxc3 e6 27. Bxa6 Rd2 28. Bd3 Rb2 29. Red1 Ne2+ 30. Kh2 Rdxc2 31. Bxc2 Rxc2 32. Nd3 Rxc3 33. a5 Bb5 34. Ne1 Ba6 35. Rdb1 Rc4 36. g3 Nd4 37. Rb6 Bb5 38. a6 Bc6 39. a7 Nxf3+ 40. Nxf3 Bxf3 41. a8=Q Rc2+ 42. Kg1 Bxa8 43. Rxa8 Rc1+ 44. Kf2 Rc2+ 45. Kf3 Rc3+ 46. Kg2 Rc2+ 47. Kh3 Rf2 48. Ra3 Rf1 49. Rbb3 Rh1+ 50. Kg2 Rd1 51. Rf3 Rd2+ 52. Kh3 Rd7 53. Ra6 e5 54.
Rfa3 e4 55. Ra7 Rd1 56. Re3 Rd4 57. Ra6 f5 58. Ra1 Rd6 59. Ra7+ Kf6 60. Rea3 Ke5 61. R7a5+ Kd4 62. R5a4+ Ke5 63. Rb3 Rd5 64. Rbb4 e3 65. Rb3 e2 66. Re3+ Kf6 67. Rxe2 Rd1 68. Rea2 Rh1+ 69.
Kg2 Rc1 70. Ra6+ Kf7 71. R6a4 Rd1 72. Rb2 Kf6 73. Ra6+ Ke5 74. Rbb6 Rd2+ 75. Kf3 Rd3+ 76. Kf2 Ke4 77. Re6+ Kd5 78. Rad6+ 1-0

[Event "*** SCC Grand Prix: Titled Tuesday Blitz"]
[Site "Chess.com"]
[Date "2020.06.02"]
[Round "2"]
[White "Durarbayli"]
[Black "kingnb"]
[Result "0-1"]
[WhiteElo "2764"]
[BlackElo "2535"]
[TimeControl "180+1"]
[EndTime "10:19:31 PDT"]
[Termination "kingnb won by resignation"]

1. e4 e6 2. d4 d5 3. e5 c5 4.
c3 Qb6 5. Nf3 Bd7 6. Be2 Bb5 7.
dxc5 Bxc5 8. b4 Bxe2 9. Qxe2 Be7 10. a4 Nd7 11. O-O Nh6 12. Bxh6 gxh6 13. Na3 Rg8 14.
Qd3 Rg6 15. c4 dxc4 16. Nxc4 Qxb4 17. Rfb1 Qc5 18. Rxb7 Nb6 19. Nd6+ Kf8 20. Qe4 Nd5 21. h3 Bxd6 22. exd6 Qxd6 23. Ne5 Rg7 24. Rab1 Rd8 25. Rb8 Rxb8 26. Rxb8+ Ke7 27. Rb7+ Kf8 28. Rb8+ Ke7 29. Rb7+ Kf8 30. Rxa7 f5 31. Ra8+ Ke7 32. Qd4 Nc7 33.
Qxd6+ Kxd6 34. Nc4+ Kc5 35. Rd8 Kxc4 36. a5 Kb5 37.
Rd6 Kxa5 38. Rd4 Kb5 39. Rh4 Kc6 40. Rxh6 Kd6 41. Rh4 Ke7 42. Ra4 Kf6 43. g3 Nd5 44.
Kg2 h5 45. Rh4 Kg6 46. Ra4 Ne7 47. Ra6 Kf6 48. Ra5 h4 49. Ra8 hxg3 50. fxg3 Ng6 51.
Kf2 Ne5 52. Rf8+ Rf7 53. Rh8 Rd7 54. Rh6+ Ng6 55. Rh5 Rd2+ 56. Ke3 Rd7 57. g4 f4+ 58. Ke4 Ra7 59. Rh6 Ra4+ 60. Kf3 Kg5 61. Rh5+ Kf6 62. Rh6 Ra3+ 63. Ke4 Re3+ 64. Kd4 e5+ 65. Kd5 Kg7 66. Rh5 f3 67. Rf5 Nf4+ 68. Kd6 f2 69. Rg5+ Ng6 0-1

[Event "*** SCC Grand Prix: Titled Tuesday Blitz"]
[Site "Chess.com"]
[Date "2020.06.02"]
[Round "2"]
[White "AcostaPablo"]
[Black "latixxa"]
[Result "1-0"]
[WhiteElo "2611"]
[BlackElo "2144"]
[TimeControl "180+1"]
[EndTime "10:19:32 PDT"]
[Termination "AcostaPablo won by checkmate"]

1. d4 Nf6 2. c4 c5 3. d5 g6 4. Nc3 Bg7 5. Nf3 d6 6. g3 O-O 7. Bg2 e5 8. O-O Nbd7 9. Ne1 Ne8 10. Nd3 f5 11. Qc2 Nc7 12. e3 g5 13.
f4 e4 14. Nf2 g4 15. Rb1 b6 16. b3 h5 17. Bb2 h4 18. gxh4 Qxh4 19. Nh1 Nf6 20.
Ng3 Nh5 21. Nce2 Bxb2 22. Qxb2 Nxg3 23. hxg3 Qf6 24. Kf2 Qxb2 25. Rxb2 Bd7 26. Rh1 Kg7 27. b4 cxb4 28. Rxb4 Na6 29. Rb2 Nc5 30. Nc1 Rh8 31. Rxh8 Rxh8 32. Kg1 Ba4 33. Bf1 Bd1 34. Nb3 Bf3 35.
Bg2 Nd3 36. Rb1 Kf6 37. Nd2 Rc8 38. Bf1 Nc5 39. Rb4 Rh8 40. Bg2 Nd3 41. Rb1 Rc8 42.
Bf1 Nc5 43. Kf2 Rh8 44. Kg1 Rh1+ 45. Kf2 Rh2+ 46. Ke1 Nd3+ 47. Bxd3 exd3 48. Rb2 Be2 49. Nb3 Rh1+ 50. Kd2 Rd1+ 51. Kc3 Rg1 52. Nd4 Rxg3 53. Nxe2 dxe2 54. Rxe2 Rf3 55. Kd3 g3 56. Rg2 Rf1 57. Rxg3 Rd1+ 58. Kc2 Ra1 59. Kb2 Re1 60. Rh3 Re2+ 61.
Kb3 Kg6 62. a3 Kg7 63. Rg3+ Kf6 64. Rh3 Kg6 65. Kb4 Rb2+ 66. Kc3 Ra2 67. Kb3 Re2 68. Ka4 Rb2 69. Rh8 Kg7 70. Ra8 a5 71. Rd8 Rc2 72. Kb5 Rb2+ 73. Kc6 Re2 74. Re8 Ra2 75. Kxd6 Rxa3 76. Kc6 Rc3 77. d6 a4 78. Kxb6 a3 79. d7 a2 80. d8=Q a1=Q 81. Qe7+ Kg6 82. Rg8+ Kh6 83. Qg5+ Kh7 84. Qg7# 1-0

[Event "*** SCC Grand Prix: Titled Tuesday Blitz"]
[Site "Chess.com"]
[Date "2020.06.02"]
[Round "2"]
[White "Ati1517"]
[Black "Azatic"]
[Result "1/2-1/2"]
[WhiteElo "2231"]
[BlackElo "2434"]
[TimeControl "180+1"]
[EndTime "10:19:32 PDT"]
[Termination "Game drawn by agreement"]

1. d4 Nf6 2. c4 g6 3. Nc3 Bg7 4.
Nf3 O-O 5. g3 d6 6. Bg2 c5 7. d5 Na6 8. O-O Nc7 9. e4 Rb8 10.
Qc2 b5 11. cxb5 Nxb5 12. Nxb5 Rxb5 13. Re1 Nd7 14. Rb1 Ne5 15. Bf4 Nxf3+ 16. Bxf3 Qb6 17. b3 Bd7 18. Be2 Rb4 19. a3 Rd4 20. Be3 h5 21.
Bxd4 Bxd4 22. Bd3 Kg7 23. Kg2 h4 24. f4 Rh8 25. Rh1 h3+ 26. Kf3 Qb8 27. f5 Qb7 28. Rbe1 gxf5 29. exf5 Qxd5+ 30. Be4 Qe5 31. Qd2 Qf6 32.
Qf4 Rb8 33. Rb1 Kf8 34. g4 Be5 35. Qd2 e6 36. g5 Qh8 37. Ke2 d5 38. Bf3 Bb5+ 39.
Kd1 Bc3 40. Qe3 Qd4+ 41. Qxd4 cxd4 42. Be2 d3 43. Bg4 Ke7 44. f6+ Kd6 45. Bxh3 Rg8 46. Rg1 Bd4 47. Rg2 Rh8 48. Bg4 e5 49. a4 Bc6 50.
Kd2 e4 51. h3 Be5 52. Rf1 d4 53. g6 fxg6 54. f7 Rf8 55. Bd1 Bd5 56. Rxg6+ Ke7 57. Ra6 Bb8 58. Rg6 Rxf7 59. Rxf7+ Bxf7 60. Rg4 Be6 61. b4 Bxg4 62. Bxg4 Bf4+ 63. Kd1 Kd6 64. Bf5 Kd5 65. h4 Ke5 66. Bg6 Bh6 67. h5 Bf8 68.
b5 Kf4 69. a5 Kg5 70. b6 axb6 71. axb6 Bd6 72. Bxe4 Kxh5 73. Bxd3 Kg5 74. Be4 Kf6 75. Bc6 Bb8 76. Kd2 Ke7 77. Kd3 Kd6 78. Bg2 Kc5 79. b7 Kb6 80. Bf3 Kc7 81. Bg2 1/2-1/2

[Event "*** SCC Grand Prix: Titled Tuesday Blitz"]
[Site "Chess.com"]
[Date "2020.06.02"]
[Round "2"]
[White "WIDBIFS"]
[Black "dragos420"]
[Result "0-1"]
[WhiteElo "2712"]
[BlackElo "2509"]
[TimeControl "180+1"]
[EndTime "10:19:33 PDT"]
[Termination "dragos420 won by resignation"]

1. d4 Nf6 2. Nf3 e6 3. Bf4 b6 4. e3 Be7 5. Nbd2 O-O 6. h3 Ba6 7. Bxa6 Nxa6 8. Qe2 Qc8 9. c3 c5 10. O-O d5 11. Ne5 Nb8 12. Bh2 Nc6 13. f4 Re8 14. g4 Bf8 15. g5 Nd7 16. h4 g6 17.
h5 Bg7 18. hxg6 hxg6 19. Bg3 Ndxe5 20. fxe5 Ne7 21. Bf4 Nf5 22. Kg2 a5 23. a4 Qa6 24.
Qxa6 Rxa6 25. Rh1 Rb8 26. Kf3 cxd4 27. exd4 b5 28. axb5 Rxb5 29. b3 Bf8 30. Ke2 Rc6 31.
Rhc1 Be7 32. Kd3 Bd8 33. Rh1 Bb6 34. Rab1 Bd8 35. Rh3 Kf8 36. Rh8+ Ke7 37. Rg8 a4 38. bxa4 Rxb1 39. Nxb1 Ra6 40. Na3 Rxa4 41. Nb5 Ra1 42. Nd6 Rf1 43. Bd2 Nxd6 44. exd6+ Kd7 45. Ke2 Rf5 46.
Rf8 Bxg5 47. Bxg5 Rxg5 48. Rxf7+ Kxd6 49. Kd3 Rg3+ 50. Kd2 g5 51. Rf6 Rg2+ 52. Ke3 g4 53. Rg6 Rg3+ 54. Kd2 Ke7 55. Rg7+ Kf6 56. Rg8 Kf5 57.
Rf8+ Ke4 58. Rf6 Rg2+ 59. Ke1 Kd3 60. Rxe6 Kxc3 61. Kf1 Rg3 62. Kf2 Rf3+ 63. Kg2 Kxd4 64. Rg6 Rf4 65. Kg3 Re4 66. Ra6 Ke3 67. Ra3+ Kd4 68. Ra4+ Ke5 69. Ra8 d4 70. Re8+ Kd5 71. Rc8 d3 72. Rd8+ Kc4 73. Re8 Rd4 74. Re1 d2 75.
Rd1 Kc3 76. Kf2 Kc2 77. Ke2 Re4+ 78. Kf2 Kxd1 79. Kg2 Kc2 80. Kg3 d1=Q 81. Kh4 g3+ 82. Kxg3 Qg1+ 83. Kf3 Re3+ 0-1

[Event "*** SCC Grand Prix: Titled Tuesday Blitz"]
[Site "Chess.com"]
[Date "2020.06.02"]
[Round "2"]
[White "Michaelson_11"]
[Black "FightingChess"]
[Result "0-1"]
[WhiteElo "1997"]
[BlackElo "2359"]
[TimeControl "180+1"]
[EndTime "10:19:33 PDT"]
[Termination "FightingChess won by checkmate"]

1. e4 e6 2. d4 d5 3. Nc3 Nf6 4.
e5 Nfd7 5. f4 c5 6. Nf3 Nc6 7. Be3 Be7 8. Qd2 O-O 9. dxc5 Qa5 10. a3 Nxc5 11. Bxc5 Bxc5 12. Bd3 a6 13. Qe2 f5 14. exf6 Rxf6 15. Qd2 Bd7 16. Ke2 Qc7 17. g3 Re8 18. Rhe1 Qd6 19. b4 Nd4+ 20. Nxd4 Bxd4 21. Bxh7+ Kxh7 22. Qxd4 e5 23. fxe5 Rxe5+ 24. Kd2 Ref5 25. Re2 Bc6 26. Rae1 Rf3 27. Qh4+ Kg8 28. Qd4 Kh7 29. Re3 Rf2+ 30. R3e2 R2f5 31. Ne4 dxe4 32. Qxd6 Rxd6+ 33. Kc3 Rfd5 34. Rxe4 Rd8 35. Rh4+ Kg8 36. Re7 R5d7 37. Re5 Rd2 38. Rg4 Rf2 39. Re7 Rf7 40. Re2 Re8 41.
Rxe8+ Bxe8 42. Re4 Kf8 43. Rg4 Bc6 44. Rh4 Rf3+ 45.
Kb2 Rf2 46. Rh8+ Kf7 47. h4 Rg2 48. Rc8 Rxg3 49. Rc7+ Kg6 50. c4 Kh5 51. c5 Kxh4 52. Rf7 g5 53. Rf8 Kg4 54. Rh8 Rg2+ 55. Kc3 Kg3 56.
Kd4 g4 57. Ke5 Rd2 58. Rg8 Kf3 59. Rf8+ Kg2 60. Rg8 g3 61. Kf4 Rd4+ 62. Ke3 Rd5 63.
Rg7 Kh2 64. a4 g2 65. Rh7+ Kg1 66. b5 axb5 67. axb5 Bxb5 68. Rxb7 Kf1 69. Rxb5 g1=Q+ 70. Ke4 Qd4+ 71. Kf3 Rf5+ 72. Kg3 Qf4+ 73. Kh3 Rh5# 0-1

[Event "*** SCC Grand Prix: Titled Tuesday Blitz"]
[Site "Chess.com"]
[Date "2020.06.02"]
[Round "2"]
[White "Loiacono_Antonio"]
[Black "EfrenRamos1"]
[Result "1-0"]
[WhiteElo "2416"]
[BlackElo "2165"]
[TimeControl "180+1"]
[EndTime "10:19:35 PDT"]
[Termination "Loiacono_Antonio won by resignation"]

1. e4 e5 2. Nf3 Nc6 3. Nc3 Nf6 4. Bb5 Bc5 5. O-O d6 6. d3 h6 7. h3 Bd7 8. Be3 Bb6 9. Ne2 Ne7 10. Bxd7+ Qxd7 11. Ng3 O-O 12. a4 c6 13. a5 Bc7 14. Nh4 Ng6 15. Nhf5 Kh7 16. Nh5 Nxh5 17. Qxh5 Nf4 18. Qg4 Ne6 19. Nxg7 Rg8 20. Nh5 Rxg4 21. Nf6+ Kg7 22.
Nxd7 Rg6 23. a6 b6 24. h4 h5 25. b4 Rd8 26. Nxb6 axb6 27. a7 Ra8 28. Ra6 c5 29. Rfa1 Nd4 30. R1a2 Re6 31. c3 Nc6 32. bxc5 dxc5 33.
Kf1 Kg6 34. Ke2 f5 35. exf5+ Kxf5 36. f3 Rd6 37. R2a4 Ne7 38. g4+ hxg4 39. fxg4+ Ke6 40. h5 Nd5 41. Bd2 Nf4+ 42. Bxf4 exf4 43. Rxf4 b5 44. Re4+ Kd7 45. Ra1 Bb6 46. Rf4 Re6+ 47. Kf3 c4 48. dxc4 Re3+ 49. Kg2 Rxc3 50. cxb5 Rb3 51. Rd1+ Ke6 52.
Re1+ Kd5 53. Rf5+ Kc4 54. Re4+ Kd3 55. Rf3+ Kc2 56. Rxb3 Kxb3 57. g5 Rxa7 58. g6 Kc3 59. Kh3 Bd4 60. Kg4 Kd3 61. Re6 Rb7 62. b6 Bxb6 63.
Rxb6 Rxb6 64. g7 Ke4 65. g8=Q Rb2 66. Qe6+ Kd3 67. Qd5+ Kc3 68. Qe5+ 1-0

[Event "*** SCC Grand Prix: Titled Tuesday Blitz"]
[Site "Chess.com"]
[Date "2020.06.02"]
[Round "2"]
[White "Khazieva_Elza"]
[Black "MuradNuri"]
[Result "1-0"]
[WhiteElo "2260"]
[BlackElo "2436"]
[TimeControl "180+1"]
[EndTime "10:19:36 PDT"]
[Termination "Khazieva_Elza won by resignation"]

1. e4 c5 2. Nf3 Nf6 3. d3 Nc6 4. g3 d5 5. Nbd2 g6 6. Bg2 Bg7 7. O-O O-O 8. exd5 Nxd5 9. Ne4 b6 10. h3 Bb7 11. Nfd2 h6 12. Nc4 Qd7 13. a4 Rad8 14.
a5 Ndb4 15. axb6 axb6 16. Nxb6 Qc7 17. Nc4 Nd4 18. c3 Ndc2 19. cxb4 Nxa1 20. Be3 Ra8 21. Bxc5 f5 22. Nc3 Bxg2 23. Kxg2 Qb7+ 24. Kh2 Rfd8 25.
Na5 Qc7 26. Qxa1 Rxd3 27. Qa2+ Kh7 28. Qc4 Rd2 29. Nd5 Qe5 30. Nxe7 Qxb2 31. Qf7 Qf6 32. Qxf6 Bxf6 33. Nec6 Bc3 34. Nc4 Re2 35. Kg2 Raa2 36. b5 Be1 37. Nd4 Re4 38. b6 Bc3 39. b7 Re8 40. Nc6 Rc2 41. b8=Q Rxb8 42. Nxb8 Bd2 43. Nxd2 Rxd2 44. Be3 Rb2 45. Nc6 Rc2 46. Nd4 Rb2 47.
Ne6 Rc2 48. Nf4 Rc6 49. Nd5 g5 50. Re1 Re6 51. Nc3 Kg6 52. Bd2 Rd6 53. Re2 Rc6 54. Be1 Rd6 55. Nb5 Rb6 56. Nd4 Rd6 57. Re6+ Rxe6 58. Nxe6 Kf6 59. Nc5 Ke5 60. Kf3 Kd5 61. Nd3 Kd4 62. Nb4 Kc4 63. Nc6 Kd5 64. Ne7+ Ke6 65. Nc6 Kd5 66. Nb4+ Kc4 67. h4 Kd4 68. hxg5 hxg5 69. Bd2 g4+ 70. Kf4 1-0

[Event "*** SCC Grand Prix: Titled Tuesday Blitz"]
[Site "Chess.com"]
[Date "2020.06.02"]
[Round "2"]
[White "Baron_von_Koenig"]
[Black "Kezin_Roman"]
[Result "0-1"]
[WhiteElo "2457"]
[BlackElo "2692"]
[TimeControl "180+1"]
[EndTime "10:19:37 PDT"]
[Termination "Kezin_Roman won by resignation"]

1. Nc3 c5 2. Nf3 Nc6 3. d4 cxd4 4. Nxd4 e6 5. Ndb5 Nf6 6. Bf4 e5 7. Bg5 Be7 8. Bxf6 Bxf6 9. Nd6+ Kf8 10. g3 g6 11. Bg2 Kg7 12. O-O Qe7 13. e3 Rd8 14.
Nxc8 Raxc8 15. Nd5 Qe6 16. c3 Be7 17. Nxe7 Nxe7 18.
Qb3 b6 19. Rad1 Qxb3 20. axb3 d6 21. Ra1 Rc7 22. Ra4 Nc8 23. Rd1 Kf8 24. f4 Ke7 25. Kf2 f6 26. Rda1 f5 27. Rd1 e4 28. g4 Kf6 29. gxf5 gxf5 30. Bh3 Rdd7 31. Rd5 Ne7 32. Rd1 Nc6 33. b4 Ne7 34. Rg1 Rd8 35. Raa1 Rg8 36.
Rad1 Rxg1 37. Rxg1 Rc8 38. Rd1 Rd8 39. c4 Rd7 40. b3 Ke6 41. Rg1 Kf6 42. b5 d5 43. Rd1 Ke6 44. Ke2 dxc4 45. Rxd7 Kxd7 46. bxc4 Kd6 47. Kd2 Kc5 48. Kc3 h6 49. Bf1 Ng6 50.
Bh3 Nh4 51. Kb3 Kd6 52. Kb4 Ke6 53. c5 Kd5 54. c6 Kd6 55. Kc4 Ke6 56. Kb4 Kd6 57. Kc3 Ke6 58. Kc2 Kd6 59. Kb3 Ke6 60. Bf1 Nf3 61. Bc4+ Kd6 62. h3 Ng1 63. Bf1 Nf3 64. Kc3 Nh2 65. Be2 Nf3 66. Bxf3 exf3 67. Kd2 a5 68. bxa6 Kxc6 69. Ke1 b5 70. Kf2 b4 71. e4 b3 72. exf5 b2 73. f6 b1=Q 74. f7 Qa2+ 75. Kxf3 Qxf7 76. Kg4 Qa7 77. Kh5 Qxa6 78.
Kxh6 Kd5+ 79. Kg5 Ke4 80. h4 Qb5+ 81. Kg4 Qf5+ 0-1

[Event "*** SCC Grand Prix: Titled Tuesday Blitz"]
[Site "Chess.com"]
[Date "2020.06.02"]
[Round "2"]
[White "quesfr"]
[Black "angryhorse9"]
[Result "1-0"]
[WhiteElo "2269"]
[BlackElo "2446"]
[TimeControl "180+1"]
[EndTime "10:19:39 PDT"]
[Termination "quesfr won by resignation"]

1. e4 c5 2. Nf3 Nc6 3. Bb5 g6 4. Bxc6 bxc6 5. d4 Bg7 6. dxc5 Qa5+ 7. Nbd2 Qxc5 8. O-O Nf6 9. e5 Ng4 10. Nb3 Qb6 11.
Bf4 f6 12. exf6 Nxf6 13. Re1 O-O 14. Rxe7 Nd5 15. Rxg7+ Kxg7 16. Be5+ Kg8 17. c4 Nf4 18. Qd6 Ne6 19. Rd1 Qd8 20. Nbd4 Qe8 21. c5 Nxd4 22.
Rxd4 Qe6 23. Qc7 Qxa2 24. h4 Ba6 25. Kh2 Rf7 26. Qd6 Qe6 27. Ng5 Qxd6 28. Bxd6 Rf5 29. Bg3 Bc8 30. Rd6 a5 31. Ne4 Ra7 32. f3 Rf8 33.
Bf2 Rb7 34. Bd4 Rb4 35. Bc3 Rb5 36. Kg3 a4 37. Nf6+ Kf7 38. Ne4 Ke8 39. Ng5 h5 40. Ne4 Rb3 41. Kf2 a3 42. bxa3 Rxa3 43. Ke3 Ra2 44.
Kd4 Ra4+ 45. Ke5 Ba6 46. Nf6+ Rxf6 47. Rxf6 Bf1 48. Rxg6 Rxh4 49. Kd6 Rc4 50. Rg8+ Kf7 51. Rg7+ Kf8 52. Rg8+ Kf7 53. Rg7+ Ke8 54. Re7+ Kf8 55. Bg7+ Kg8 56. Bh6 Bxg2 57. Rg7+ Kh8 58. Rxg2 Kh7 59. Bg7 Rf4 60. Be5 Rxf3 61. Kxd7 h4 62. Kxc6 h3 63. Rg7+ Kh6 64. Rg8 Kh7 65. Rh8+ Kg6 66. Bd6 Kf5 67. Kd7 1-0